 Dungeon Crawl Stone Soup version 0.28-a0-1038-g9c4cb8273d (webtiles) character file.

Game seed: 7136089552240757618

109 fragbeetle the Insei (level 4, -2/36 HPs)
             Began as a Draconian Transmuter on Dec 8, 2021.
             Slain by an orc (6 damage)
             ... on level 3 of the Dungeon.
             The game lasted 00:04:00 (1924 turns).

fragbeetle the Insei (Draconian Transmuter)         Turns: 1924, Time: 00:04:00

Health: -2/36      AC:  5    Str: 18    XL:     4   Next: 59%
Magic:  6/7        EV: 12    Int: 15    God:
Gold:   78         SH:  0    Dex: 12    Spells: 4/8 levels left

rFire   . . .      SeeInvis .     - Unarmed
rCold   . . .      Faith    .   (no shield)
rNeg    . . .      Spirit   .   (armour unavailable)
rPois   .          Reflect  .   (helmet currently unavailable)
rElec   .          Harm     .   (no cloak)
rCorr   .          Rampage  .   (no gloves)
Will    .....                   (boots currently unavailable)
Stlth   +.........              (no amulet)
HPRegen 0.12/turn               f - +6 ring of strength
MPRegen 0.10/turn               (no ring)

@: appendages, attractive
A: horns 2, talons 2, AC +5, unfitting armour, cold-blooded
a: End Transformation


You were on level 3 of the Dungeon.
You had temporarily grown beastly horns and talons.
You visited 1 branch of the dungeon, and saw 3 of its levels.

You collected 78 gold pieces.

Inventory:

Missiles
 c - 6 boomerangs
Jewellery
 f - a +6 ring of strength (left hand)
Scrolls
 a - 2 scrolls of identify {unknown}
 g - a scroll of noise {unknown}
 h - a scroll of fear {unknown}
 i - a scroll of teleportation {unknown}
Potions
 b - a potion of heal wounds {unknown}
 d - a potion of magic {unknown}
 e - a potion of attraction
 j - a potion of mutation {unknown}


   Skills:
 * Level 2.1 Fighting
 * Level 2.3 Dodging
 + Level 3.7 Unarmed Combat
 + Level 2.5 Spellcasting
 * Level 2.9 Transmutations


You had 4 spell levels left.
You knew the following spells:

 Your Spells              Type           Power      Damage    Failure   Level
a - Beastly Appendage     Tmut           20%        N/A       6%          1
b - Spider Form           Tmut/Pois      6%         N/A       34%         3

Your spell library contained the following spells:

 Spells                   Type           Power      Damage    Failure   Level
 Wereblood                Tmut           10%        N/A       10%         2
 Ice Form                 Ice/Tmut       6%         N/A       75%         4


Dungeon Overview and Level Annotations

Branches:
Dungeon (3/15)

Altars:
Dithmenos

Shops:
D:1 =


Innate Abilities, Weirdness & Mutations

You have temporarily grown beastly horns and talons.
Your plain brown scales are hard. (AC +5)
You cannot fit into any form of body armour.
You are cold-blooded and may be slowed by cold attacks.


Message History

The orc priest is moderately wounded.
The orc priest hits you but does no damage.
You barely miss the orc priest. Your kick misses the orc priest.
You tail-slap the orc priest, but do no damage.
The orc priest is moderately wounded.
The orc hits you with a +0 hand axe.
The orc priest hits you with a +0 hand axe.
You hit the orc priest.
You headbutt the orc priest, but do no damage.
The orc priest is heavily wounded.
The orc barely misses you. The orc priest closely misses you.
You closely miss the orc priest.
The orc priest is heavily wounded.
Your horns disappear.
Your talons disappear.
The orc hits you with a +0 hand axe.
You closely miss the orc priest.
The orc priest is heavily wounded.
A quokka comes into view.
The orc priest calls down the wrath of Beogh upon you.
Beogh smites you! The orc hits you with a +0 hand axe.
Sorry, you're not good enough to have a special ability.
Casting: Beastly Appendage (safe; 7% risk of failure)
Confirm with . or Enter, or press ? or * to list all spells.
You grow a pair of large bovine horns.
Your feet morph into talons.
The orc priest invokes the aid of Beogh against you.
Pain shoots through your body!
* * * LOW HITPOINT WARNING * * *
The orc hits you with a +0 hand axe.
* * * LOW HITPOINT WARNING * * *
You hit the orc priest. You headbutt the orc priest.
The orc priest is almost dead.
The orc priest hits you but does no damage.
The quokka barely misses you.
You barely miss the orc priest. You claw the orc priest.
You kill the orc priest!
The orc hits you but does no damage. The quokka completely misses you.
It was a potion of attraction.
You feel attractive to monsters. The orc hits you with a +0 hand axe.
You die...

..o..# #####...o.#
#.........#
#......o..#
#...).....#
#...o.....####
#....####.....
###.<..##r......
..........o@o......
#####.....##.......
#.....# .......
#....... .......
#......##.......
#....... .......
#....#..........
#.##.#. .......


You could see an orc priest, an orc and a quokka.

Vanquished Creatures
  An orc priest (D:3)
  3 adders (D:2)
  A dart slug (D:2)
  An orc (D:3)
  2 ball pythons
  4 bats
  4 endoplasms
  2 giant cockroaches (D:1)
  2 goblins
  3 hobgoblins
  2 jackals (D:1)
  3 quokkas
  4 frilled lizards
  A kobold (D:1)
  22 rats
55 creatures vanquished.

Vanquished Creatures (others)
  4 plants (D:1)
4 creatures vanquished.

Grand Total: 59 creatures vanquished

Notes
Turn   | Place    | Note
-------+----------+-------------------------------------------
     0 | D:1      | fragbeetle the Draconian Transmuter began the quest for the
                  | Orb.
     0 | D:1      | Reached XP level 1. HP: 16/16 MP: 3/3
     5 | D:1      | Found Xuitwis's Jewellery Boutique.
    68 | D:1      | Reached XP level 2. HP: 22/23 MP: 3/5
   749 | D:2      | Found a faded altar of an unknown god.
   776 | D:2      | Reached XP level 3. HP: 29/29 MP: 4/6
   780 | D:2      | Learned a level 3 spell: Spider Form
  1058 | D:2      | Found a shadowy altar of Dithmenos.
  1407 | D:2      | Reached XP level 4. HP: 28/36 MP: 5/7
  1857 | D:3      | Noticed a necrophage
  1924 | D:3      | Slain by an orc

Illustrated notes

Levels and vault maps discovered:
D:1:      dpeg_arrival_rhombus, layout_rooms, serial_shops, shop, serial_forest,
          infiniplex_forest_clump_tiny, infiniplex_forest_clump_long,
          infiniplex_forest_lined_2, infiniplex_forest_join,
          infiniplex_forest_straight_1, infiniplex_forest_lined_2,
          infiniplex_forest_clump_long
D:2:      layout_basic, shapermc_ecumenical_altar_notcrosses, basic_altar,
          minmay_rat_hole
D:3:      layout_basic

Skill      XL: |  1  2  3 |
---------------+----------+-----
Dodging        | 2 |  2.3
Fighting       | 2 |  2.1
Unarmed Combat | |  3.7
Spellcasting   | |  2.5
Transmutations | |  2.9

Action                   |  1- 3 |  4- 6 || total
-------------------------+-------+-------++-------
Melee: Unarmed           |   102 |    11 ||   113
       Kick              |    17 |     2 ||    19
       Headbutt          |    13 |     3 ||    16
       Tailslap          |     9 |     1 ||    10
       Punch             |     1 |       ||     1
 Cast: Beastly Appendage |    23 |     3 ||    26
  Use: Potion            |       |     1 ||     1
 Stab: Sleeping          |     1 |       ||     1
Armor: Skin              |    32 |     5 ||    37
Dodge: Dodged            |    61 |     6 ||    67

Table legend: (Time is in decaauts)
 A = Elapsed time spent in this place.
 B = Non-inter-level travel time spent in this place.
 C = Inter-level travel time spent in this place.
 D = Time resting spent in this place.
 E = Time spent auto-exploring this place.
 F = Levels seen in this place.
 G = Mean time per level.
                   A        B        C        D        E       F      G
               +--------+--------+--------+--------+--------+-----+--------+
         Total |   1917 |   1836 |     81 |      0 |   1430 |   3 |  639.0 |
       Dungeon |   1917 |   1836 |     81 |      0 |   1430 |   3 |  639.0 |
               +--------+--------+--------+--------+--------+-----+--------+

Top non-repeatable levels by time:
     D:2: 1180 daAuts
     D:1: 712 daAuts
     D:3: 24 daAuts
